 Dungeon Crawl Stone Soup version 0.27.0-1-g7a08968 (webtiles) character file.

Game seed: 17424272451248690447

41 Host24 the Bolt Thrower (level 3, 0/21 HPs)
             Began as a Kobold Hunter on Jan 25, 2022.
             Succumbed to a kobold's poison
             ... on level 2 of the Dungeon.
             The game lasted 00:02:25 (1818 turns).

Host24 the Bolt Thrower (Kobold Hunter)             Turns: 1818, Time: 00:02:26

Health: 0/21       AC:  3    Str: 10    XL:     3   Next: 75%
Magic:  3/3        EV: 14    Int: 12    God:
Gold:   81         SH:  0    Dex: 15    Spells: 2/2 levels left

rFire    . . .     SeeInvis .   i - +2 whip (pain)
rCold    . . .     Faith    .   (shield restricted)
rNeg     . . .     Spirit   .   c - +0 leather armour
rPois    .         Reflect  .   (no helmet)
rElec    .         Harm     .   (no cloak)
rCorr    .         Rampage  .   (no gloves)
Will     .....                  (no boots)
Stlth    +++.......             (no amulet)
HPRegen  0.07/turn              (no ring)
MPRegen  0.08/turn              (no ring)

@: lethally poisoned (0 -> -5), attractive
A: small, no large weapons, nightstalker 3
a: no special abilities


You were on level 2 of the Dungeon.
You visited 1 branch of the dungeon, and saw 2 of its levels.

You collected 81 gold pieces.

Inventory:

Hand Weapons
 a - a +1 hand crossbow
 i - a +2 whip of pain (weapon)
Missiles
 d - 20 bolts
 e - 53 stones (quivered)
Armour
 c - a +0 leather armour (worn)
Scrolls
 b - a scroll of fear {unknown}
 f - 2 scrolls of identify {unknown}
 h - a scroll of noise {unknown}
 j - a scroll of enchant weapon {unknown}
 k - a scroll of amnesia {unknown}


   Skills:
 + Level 2.2 Fighting
 - Level 5.0 Crossbows
 - Level 3.0 Dodging
 - Level 4.0 Stealth


You had 2 spell levels left.
You didn't know any spells.
Your spell library was empty.

Dungeon Overview and Level Annotations

Branches:
Dungeon (2/15)

Altars:


Innate Abilities, Weirdness & Mutations

You are small and have problems with some larger weapons.
You are completely attuned to the shadows.


Message History

You kill the ball python!
Your Stealth skill increases to level 4!
You now have 72 gold pieces (gained 16).
Found a stone staircase leading up.
Found a stone staircase leading down.
A ball python comes into view.
The helpless ball python fails to defend itself.
You hit the ball python.
The ball python is heavily wounded.
The ball python misses you. The ball python barely misses you.
The ball python misses you. The ball python barely misses you.
You hit the ball python.
You kill the ball python!
You see here a ball python corpse.
Found a club.
You see here a +0 club.
You now have 81 gold pieces (gained 9).
Found a barding.
A kobold comes into view.
It is wielding a +0 whip of venom and quivering poisoned darts.
The kobold shouts!
You hit the kobold but do no damage. The kobold misses you.
A worm comes into view.
The kobold hits you with a +0 whip of venom.
You are poisoned.
You feel very sick.
You feel very sick.
You feel sick.
The kobold throws a poisoned dart.
The poisoned dart barely misses you.
You feel sick.
You feel sick.
You feel sick.
You feel sick.
The kobold throws a poisoned dart.
The poisoned dart hits you!
You are lethally poisoned!
* * * LOW HITPOINT WARNING * * *
You feel sick.
* * * LOW HITPOINT WARNING * * *
You feel sick.
It was a potion of attraction.
You feel attractive to monsters.
You die...

.##
#...÷..............#.#.......
.#
#..................#.........
.#
########.....................
.### #..... ...####......
...# ######...## ### #.#.#.#
...# #.....#### ########
#.#.#.# ...# ##.....##
#......# #.#.#.# ...#
........#####......###.#.#.#
...#
...........@...........#.#.#
...##...........##......#####
# ................######### #
........##......#
........##.....K#.#
........##†.....#.#
#.......##......#.###
#.......#######.....#
#.......#######.....#


You could see a kobold.

Vanquished Creatures
  2 adders (D:2)
  A dart slug (D:1)
  A bat (D:1)
  2 goblins
  3 hobgoblins
  4 kobolds (D:1)
  5 ball pythons
  3 frilled lizards (D:1)
  A rat (D:1)
22 creatures vanquished.

Notes
Turn   | Place    | Note
-------+----------+-------------------------------------------
     0 | D:1      | Host24 the Kobold Hunter began the quest for the Orb.
     0 | D:1      | Reached XP level 1. HP: 12/12 MP: 1/1
    68 | D:1      | Reached skill level 5 in Crossbows
   245 | D:1      | Found a faded altar of an unknown god.
   405 | D:1      | Reached XP level 2. HP: 11/17 MP: 2/2
  1205 | D:2      | Reached XP level 3. HP: 14/21 MP: 3/3
  1817 | D:2      | HP: 1/21 [poisoned by a kobold]
  1818 | D:2      | Succumbed to a kobold's poison

Illustrated notes

Levels and vault maps discovered:
D:1:      psy_arrival_basics, layout_loops_ring,
          ebering_ecumenical_altar_sacrificial
D:2:      layout_basic

Skill      XL: |  1  2  3 |
---------------+----------+-----
Crossbows      | 5 |  5.0
Dodging        | 3 |  3.0
Stealth        | 3 4 |  4.0
Fighting       | |  2.2

Action                   || total
-------------------------++-------
Melee: Short sword       ||    37
       Whip              ||    32
  Use: Potion            ||     1
 Stab: Sleeping          ||     9
Armor: Leather armour    ||    12
Dodge: Dodged            ||    52
